Unix NetHack Version 5.0.0-0 post-release - last build May 23 2026 06:08:33 (1c0ff79ee797540d5714e4e18072db0edd9e58ae,branch:main).

Game began 2026-05-28 23:42:41, ended 2026-05-29 02:34:24.

CyberFan, neutral female human Tourist

                                                            ---
                                                    ------- ..---
                                           -------- ........{...---
                                   --------.......................---
                           --------...........:.....................---
                  ---------...........%...................*...........---
          ---------........!.......*...................:.........F......---
  ---------..................%.................................e..........---
  |....(.........!.u......?....................o............................|
  |.{.............................[............o....C.....................{.|
   ............................................oo...........%....>.......*
    -.............................................................
      -..............T.......^......................S..q.d.
        -............|Q................?.......(.B..
          -.........d[d....%....!...........-
            -.....Scf|d......:B....f-
            ---...{.........---------
              ---...---------
                ----

CyberFan the Peregrinatrix  St:25 Dx:15 Co:17 In:12 Wi:11 Ch:18  Neutral
Dlvl:12 $:3757 HP:0(73) Pw:40(40) AC:-8 Xp:10/8903 T:14352  Satiated

Latest messages:
 The warg bites!
 The panther misses!
 The panther misses!
 The panther misses!
 You climb up the stairs.
 What do you want to eat? [dforsvIJ or ?*]
 This lump of royal jelly is delicious!
 The wolf bites!
 You hit the wolf!
 You kill the wolf!
 You hit the wolf!
 You hit the wolf!
 The wolf bites!
 You kill the wolf!
 You hit the wolf!
 The wolf bites!
 You hit the wolf!
 You kill the wolf!
 You are in full health.
 You descend the stairs.
 The warg misses!
 The warg misses!
 The warg bites!
 The warg misses!
 The panther hits!
 The panther misses!
 The panther misses!
 The panther hits!
 The panther just misses!
 The panther bites!
 You hit the panther!
 The troll zaps a tin wand!
 The death ray misses the warg.
 The death ray whizzes by you!
 The death ray bounces!
 The death ray whizzes by you!
 The death ray misses the warg.
 The death ray misses the troll.
 The wolf falls into a pit!
 The warg bites!
 The warg bites!
 The warg misses!
 The warg bites!
 The panther misses!
 The panther hits!
 The panther misses!
 You hit the panther!
 The troll zaps a wand of death!
 The warg is killed by the death ray!
 The death ray hits you!

Inventory:
 Coins    ('$')
  $ - 3757 gold pieces
 Amulets  ('"')
  X - a cursed amulet of restful sleep named cursed
 Weapons  (')')
  H - an uncursed +0 arrow
  a - an uncursed +2 dart (at the ready)
  M - the uncursed rustproof +2 Ogresmasher
  C - an uncursed +2 scimitar (weapon in right hand)
 Armor    ('[')
  n - a blessed +2 orcish helm (being worn)
  O - an uncursed +0 pair of gauntlets of power (being worn)
  W - an uncursed +0 pair of speed boots (being worn)
  g - an uncursed +0 elven shield (being worn)
  m - an uncursed +0 cloak of invisibility
  z - an uncursed +0 cloak of protection (being worn)
  i - an uncursed +2 Hawaiian shirt with a flamingo motif (being worn)
  V - an uncursed +0 dwarvish mithril-coat (being worn)
 Comestibles  ('%')
  o - 3 uncursed jackfruits
  f - 2 uncursed cloves of garlic
  r - 2 uncursed food rations
  J - 2 uncursed fortune cookies
  d - an uncursed K-ration
  I - 2 uncursed lumps of royal jelly
  v - 3 uncursed eggs
  s - an uncursed lizard corpse
 Scrolls  ('?')
  u - an uncursed scroll of create monster
  L - an uncursed scroll of earth
  R - an uncursed scroll of food detection
 Potions  ('!')
  q - a cursed potion of healing
  l - an uncursed potion of speed
  N - a potion of holy water
  G - an uncursed potion of water
 Rings    ('=')
  E - a cursed ring of aggravate monster
  P - a cursed ring of aggravate monster
  B - a cursed +2 ring of gain constitution
  c - an uncursed ring of poison resistance (on right hand)
  S - an uncursed ring of protection from shape changers
  x - a cursed ring of stealth
 Wands    ('/')
  t - an uncursed wand of digging (0:7)
  D - an uncursed wand of digging (0:6)
  U - an uncursed wand of light (0:12)
  w - an uncursed wand of lightning (0:0)
  Y - an uncursed wand of locking (0:8)
  T - an uncursed wand of make invisible (0:4)
  K - an uncursed wand of polymorph (0:7)
  A - an uncursed wand of speed monster (0:7)
  p - an uncursed wand of stasis (0:2)
  e - an uncursed wand of striking (0:0)
  F - an uncursed wand of undead turning (0:5)
 Tools    ('(')
  Q - an uncursed bag of holding containing 10 items
  k - an uncursed credit card
  j - an uncursed expensive camera (0:83)
  y - an uncursed +0 unicorn horn
 Gems/Stones  ('*')
  h - 2 uncursed worthless pieces of red glass
  b - an uncursed worthless piece of white glass

Contents of the bag of holding:
  4 uncursed food rations
  2 uncursed tripe rations
  a cursed scroll of amnesia
  an uncursed scroll of blank paper
  an uncursed scroll of earth
  an uncursed scroll of fire
  a cursed scroll of identify
  an uncursed scroll of light
  2 uncursed scrolls of teleportation
  an uncursed potion of extra healing

CyberFan the Tourist's attributes:

Background:
 You were a Peregrinatrix, a level 10 female human Tourist.
 You were neutral, on a mission for The Lady
 who was opposed by Blind Io (lawful) and Offler (chaotic).
 You were right-handed.
 You were in the Dungeons of Doom, on level 12, a very big room.
 You entered the dungeon 14352 turns ago.
 It was nighttime.
 You had 8903 experience points, 1097 more were needed to attain level 11.

Basics:
 You had 0 out of 73 hit points.
 You had all 40 energy points (spell power).
 Your armor class was -8.
 Your wallet contained 3757 zorkmids.
 Autopickup was on for '$%?!"=/*' plus thrown, with exceptions.

Final Characteristics:
 Your strength was 25 (base:17, innate limit:18/100).
 Your dexterity was 15 (limit:18).
 Your constitution was 17 (limit:18).
 Your intelligence was 12 (limit:18).
 Your wisdom was 11 (limit:18).
 Your charisma was 18 (limit:18).

Final Status:
 You were satiated.
 You were unencumbered.
 You were wielding a saber.
 You were skilled in saber.

Final Attributes:
 You were piously aligned.
 You were cold resistant.
 You were poison resistant.
 You were telepathic.
 You had automatic searching.
 You were protected.
 You were very fast.
 You are dead.

Miscellaneous:
 You disabled loading and storing of bones levels.
 Total elapsed playing time was 2 hours, 51 minutes and 26 seconds.

Major events:
 Turn
    1: CyberFan the neutral female human Tourist entered the dungeon
  523: entered the Gnomish Mines
 1004: attained the rank of Sightseer (level 3)
 2625: reached Mine Town
 3438: attained the rank of Excursionist (level 6)
 7205: was bestowed with Ogresmasher by The Lady
 9755: entered Sokoban
10782: completed 1st Sokoban level
10995: completed 2nd Sokoban level
11313: completed 3rd Sokoban level
12000: completed 4th Sokoban level
12718: attained the rank of Peregrinatrix (level 10)
13381: acquired the Sokoban bag of holding
14231: entered the Bigroom
14352: killed by a death ray

You didn't know any spells.

Skills:
 Fighting Skills
   bare handed combat [Unskilled]
   two weapon combat  [Basic]
   riding             [Unskilled]
 Weapon Skills
   dagger             [Unskilled]
   knife              [Unskilled]
   axe                [Unskilled]
   pick-axe           [Unskilled]
   short sword        [Unskilled]
   broadsword         [Unskilled]
   long sword         [Unskilled]
   two-handed sword   [Unskilled]
   saber              [Skilled]
   mace               [Unskilled]
   morning star       [Unskilled]
   flail              [Unskilled]
   hammer             [Basic]
   quarterstaff       [Unskilled]
   polearms           [Unskilled]
   spear              [Unskilled]
   trident            [Unskilled]
   lance              [Unskilled]
   bow                [Unskilled]
   sling              [Unskilled]
   crossbow           [Unskilled]
   dart               [Basic]
   shuriken           [Unskilled]
   boomerang          [Unskilled]
   whip               [Unskilled]
   unicorn horn       [Unskilled]
 Spellcasting Skills
   divination spells  [Unskilled]
   enchantment spells [Unskilled]
   escape spells      [Unskilled]

Voluntary challenges:
 Character rerolling was not enabled.
 You never genocided any monsters.
 You never polymorphed an object.
 You never changed form.
 You used no wishes.
 You violated the special Sokoban rules once.
Achievements:
 You entered the Gnomish Mines.
 You entered a shop.
 You attained the rank of Sightseer.
 You entered Minetown.
 You entered a temple.
 You attained the rank of Excursionist.
 You entered Sokoban.
 You attained the rank of Peregrinatrix.
 You completed Sokoban.
 You entered the Big Room.

 The Dungeons of Doom: levels 1 to 12
    Level 1:
       A fountain.
    Level 2:
       A scroll shop, a fountain.
       Stairs down to The Gnomish Mines.
    Level 3:
       A general store.
    Level 4:
       A fountain.
    Level 5:
    Level 6:
       A fountain.
    Level 7:
    Level 8:
       Many fountains.
    Level 9:
       Some fountains.
       Stairs up to Sokoban, level 8.
    Level 10:
       A throne.
    Level 11:
    Level 12: <- You were here.
       Many fountains.
       A very big room.
       Final resting place for
          you, killed by a death ray.
 The Gnomish Mines: levels 3 to 7
    Level 3:
    Level 4:
    Level 5:
       Many shops, a temple and an altar to The Lady, some fountains, some trees.
    Level 6:
    Level 7:
 Sokoban: levels 8 up to 5
    Level 5:
       Solved.
    Level 6:
       Solved.
    Level 7:
       Solved.
    Level 8:
       Solved.


Vanquished creatures:
  a queen bee
  a giant mimic
 an ogre tyrant
  2 flesh golems
  3 stalkers
 an air elemental
  a black naga
  a giant zombie
  a warg
  a small mimic
  2 xans
  2 ettin mummies
 an ogre leader
  2 trolls
  a gelatinous cube
  3 large dogs
  a freezing sphere
  2 large cats
  2 gargoyles
  2 dwarf rulers
  a tengu
  a mountain centaur
  2 pythons
  a pit viper
  a soldier
  a watchman
  2 chameleons
  a giant beetle
  3 cockatrices
  3 wolves
  a panther
  3 leprechauns
  2 orc-captains
  2 forest centaurs
  2 dwarf mummies
  a brown pudding
  4 owlbears
  2 gold golems
  a werewolf
  2 Green-elves
  4 lizards
  a dog
  a housecat
  3 dwarf leaders
  a blue jelly
  a black unicorn
  3 dust vortices
  2 ravens
  4 plains centaurs
  2 gnome mummies
  a snake
  2 apes
  a rope golem
  5 Woodland-elves
  4 soldier ants
  a fire ant
 20 bugbears
 an imp
  2 quasits
  2 wood nymphs
  2 water nymphs
  5 Mordor orcs
 12 Uruk-hai
  3 rock piercers
  a rock mole
  3 ponies
  a fog cloud
  a yellow light
  a shrieker
  a violet fungus
 14 gnome leaders
  2 gnomish wizards
  a kobold mummy
  3 gray oozes
  a barrow wight
 an elf zombie
  2 ghouls
  a straw golem
  a paper golem
  8 giant ants
  2 floating eyes
  a kitten
 13 dwarves
  a homunculus
  3 kobold leaders
  a kobold shaman
 12 hill orcs
  7 rothes
  a rabid rat
  a centipede
  2 giant bats
  a monkey
  3 orc zombies
  5 dwarf zombies
  a wererat
 11 iguanas
  8 killer bees
  3 hobbits
 13 manes
  4 large kobolds
 18 hobgoblins
  5 giant rats
  2 cave spiders
  2 brown molds
  a yellow mold
  a red mold
 28 gnomes
  2 garter snakes
  a gnome zombie
  7 geckos
  9 jackals
  3 foxes
  4 kobolds
  9 goblins
  3 sewer rats
 10 grid bugs
  4 lichens
  a kobold zombie
 10 newts
405 creatures vanquished.

No species were genocided or became extinct.

Game over:
                       ----------
                      /          \
                     /    REST    \
                    /      IN      \
                   /     PEACE      \
                  /                  \
                  |     CyberFan     |
                  |     3757 Au      |
                  |   killed by a    |
                  |    death ray     |
                  |                  |
                  |                  |
                  |       2026       |
                 *|     *  *  *      | *
        _________)/\\_//(\/(/\)/\//\/|_)_______

Aloha CyberFan the Tourist...

You died in The Dungeons of Doom on dungeon level 12 with 39491 points,
and 3757 pieces of gold, after 14352 moves.
You were level 10 with a maximum of 73 hit points when you died.

